 Dungeon Crawl Stone Soup version 0.16.1-30-g34a7ffa (webtiles) character file.

27914 Jb9000 the Covert (level 13, -26/79 HPs)
             Began as a Gargoyle Fighter on June 25, 2015.
             Was an Elder of Elyvilon.
             Annihilated by an ice devil (30 damage)
             ... summoned by an orc sorcerer
             ... on level 4 of the Orcish Mines.
             The game lasted 02:50:30 (20160 turns).

Jb9000 the Covert (Gargoyle Fighter)               Turns: 20160, Time: 02:50:32

Health: -26/79     AC:  8    Str: 22    XL:     13   Next: 35%
Magic:  0/22       EV: 13    Int:  8    God:    Elyvilon [****..]
Gold:   540        SH: 11    Dex: 11    Spells: 1 memorised, 11 levels left

rFire  . . .     SeeInvis .     y - +6 flail (protect)
rCold  . . .     Clarity  .     W - +0 steam dragon armour
rNeg   + + +     SustAb   .     c - +0 shield
rPois  ∞         Gourm    .     B - +0 helmet
rElec  +         Spirit   +     z - +2 cloak
rCorr  .         Warding  .     (no gloves)
rMut   .         Stasis   .     p - +1 pair of boots "Streudukk" {rN++ Int-2}
MR     .....                    u - amulet of guardian spirit
Stlth  +++++.....               (no ring)
                                (no ring)

@: corroded equipment, not resistant to hostile enchantments, quite stealthy
A: negative energy resistance 1, electricity resistance, unbreathing,
petrification resistance, rot immunity, AC +9
a: Lesser Healing, Divine Protection, Heal Other, Purification, Greater Healing,
Renounce Religion


You were on level 4 of the Orcish Mines.
You worshipped Elyvilon.
Elyvilon was greatly pleased with you.
You were very full.

You visited 2 branches of the dungeon, and saw 16 of its levels.
You also visited: Ossuary.

You collected 1470 gold pieces.
You spent 930 gold pieces at shops.

Inventory:

Hand weapons
 a - the +5 trident "Ticuy" {pierce, rN+ Str-2 Dex+4}
   (You bought it in a shop on level 9 of the Dungeon)

   It inflicts extra damage upon your enemies.
   It affects your strength (-2).
   It affects your dexterity (+4).
   It protects you from negative energy.
 j - a +1 blowgun
 t - a +1 long sword of protection
 y - a +6 flail of protection (weapon)
 G - a +0 hand crossbow
Missiles
 f - 7 needles of confusion
 v - 46 poisoned needles
 F - 26 tomahawks (quivered)
Armour
 c - a +0 shield (worn)
 p - the +1 pair of boots "Streudukk" (worn) {rN++ Int-2}
   (You acquired it on level 10 of the Dungeon)

   It affects your intelligence (-2).
   It greatly protects you from negative energy.
 w - a +2 pair of boots
 z - a +2 cloak (worn)
 B - a +0 helmet (worn)
 W - a +0 steam dragon armour (worn)
 Y - a +4 chain mail
Jewellery
 h - an uncursed ring of teleportation
 i - an uncursed amulet of resist mutation
 n - an uncursed ring of ice
 u - an amulet of guardian spirit (around neck)
 Z - an uncursed amulet of warding
Magical devices
 b - a wand of enslavement (4)
 g - a wand of slowing (17)
 m - a wand of disintegration (0)
 q - a wand of frost (39)
 H - a wand of digging (4)
 I - a wand of digging (12)
 M - a wand of polymorph (18)
 O - a wand of confusion (25)
 S - a wand of paralysis (8)
 T - a wand of magic darts (16)
Scrolls
 r - 5 scrolls of teleportation
 x - a scroll of fear
 C - 4 scrolls of amnesia
 D - 6 scrolls of blinking
 J - 3 scrolls of magic mapping
 Q - 5 scrolls of remove curse
Potions
 e - a potion of might
 l - 7 potions of restore abilities
 E - a potion of lignification
 L - a potion of curing
Books
 k - a book of Spatial Translocations

   Spells                             Type                      Level
   a - Apportation                    Translocation                1
   b - Blink                          Translocation                2
   c - Shroud of Golubria             Charms/Translocation         2
   d - Portal Projectile              Translocation                3
   e - Teleport Other                 Translocation                3
   f - Passage of Golubria            Translocation                4
 R - a book of Power

   Spells                             Type                      Level
   a - Fulminant Prism                Conjuration/Hexes            4
   b - Iskenderun's Mystic Blast      Conjuration                  4
   c - Venom Bolt                     Conjuration/Poison           5
   d - Bolt of Magma                  Conjuration/Fire/Earth       5
   e - Iron Shot                      Conjuration/Earth            6
   f - Orb of Destruction             Conjuration                  7
   g - Spellforged Servitor           Conjuration/Summoning        7
Miscellaneous
 o - a plain deck of defence {drawn: 1}
 P - a plain deck of wonders
Comestibles
 d - 3 chunks of flesh
 K - 9 meat rations


   Skills:
 + Level 8.6 Fighting
 - Level 3.2 Long Blades
 * Level 9.5 Maces & Flails
 - Level 4.0 Crossbows
 + Level 4.6 Throwing
 + Level 8.7 Armour
 + Level 6.1 Dodging
 * Level 12.1 Stealth
 + Level 9.1 Shields
 + Level 6.1 Evocations


You had 11 spell levels left.
You knew the following spells:

 Your Spells              Type           Power        Failure   Level  Hunger
a - Apportation           Tloc           #.........   86%         1    ##.....


Dungeon Overview and Level Annotations

Branches:
Dungeon (12/15)            Temple (0/1) D:5            Lair (0/8) D:8
    Orc (4/4) D:12            Elf (0/3) Orc:4

Altars:
Ashenzari
Cheibriados
Dithmenos
Elyvilon
Fedhas
Gozag
Makhleb
Nemelex Xobeh
Ru
Trog
Vehumet
Xom
Yredelemnul
Zin

Shops:
D:4 (   D:5 !?%(}   D:9 (   Orc:2 %*=   Orc:3 %   Orc:4 %


Innate Abilities, Weirdness & Mutations

You are resistant to torment.
You are immune to poison.
Your stone body is very resilient (AC +9).
You resist negative energy.
You are resistant to electric shocks.
You can survive without breathing.
You are immune to petrification.
You are immune to rotting.


Message History

The bolt of fire hits you! The rust devil completely misses you.
The ice devil hits you but does no damage.
The orc sorcerer casts a spell.
The ice devil barely misses you.
The orc sorcerer hits you but does no damage.
The rust devil hits you. The rust devil corrodes your equipment!
The ice devil hits you. The ice devil freezes you!
* * * LOW HITPOINT WARNING * * *
The orc sorcerer hits you but does no damage.
The rust devil hits you. The rust devil corrodes your equipment!
The ice devil hits you but does no damage.
You can move again.
Use which ability? (? or * to list)
You fail to use your ability.
The soul eater hits you but does no damage.
The orc sorcerer hits you but does no damage.
You block the rust devil's attack. The ice devil hits you!
* * * LOW HITPOINT WARNING * * *
The ice devil freezes you!!
You die...

∩.#.....## #.......## ....#..##
##.#)(...# ..#.....## #.o.....#
#...#....## #..##.#.#### ###
##..).#)..## #..##...###.#####.#
##..)..)))##o.o##...###..##.#...
##..###).)##.##)..###.......#.#
##))###.).###o3.####..........
##[)###.))#.@3###.#..........
##))###.#)#4###.....#......#
##))###..)###..............
##))###.###.........)#....
##))#####........#..##...
####.)###.............##.#
###.##.)[#............).####
##.##...).)..............#.##
#...............)......)....#


You could see a soul eater, an ice devil, a rust devil and an orc sorcerer.

Vanquished Creatures
  Snorg (Orc:4)
  Fannar (Orc:4)
  2 hydras (D:11)
  An ogre mage (Orc:4)
  3 orc high priests (Orc:4)
  Nergalle (Orc:2)
  A deep elf knight (Orc:4)
  4 orc knights (Orc:4)
  A sixfirhy (Orc:4)
  A wolf spider zombie (D:12)
  2 hill giants
  2 orc sorcerers (Orc:4)
  2 ugly things (D:11)
  Maurice (D:10)
  A centaur zombie (D:12)
  A smoke demon (Orc:4)
  2 blue devils (Orc:4)
  A troll (D:11)
  Grinder (D:6)
  A polar bear (D:8)
  4 two-headed ogres
  A basilisk (D:8)
  8 yaks
  4 deep elf magi
  A hungry ghost (D:9)
  Eustachio (D:5)
  A wyvern (D:12)
  A steam dragon (D:9)
  Grum (D:12)
  5 hippogriffs
  3 wolves (D:12)
  3 vampire mosquitoes
  Edmund (D:4)
  Menkaure (Ossuary)
  A soldier ant (D:8)
  2 sky beasts
  5 ice beasts
  28 orc warriors
  4 phantoms
  14 ogres
  2 spiders (D:8)
  3 centaurs
  An eye of draining (D:12)
  A boring beetle (D:8)
  Duvessa (D:7)
  4 crocodiles
  4 giant frogs
  A big kobold (D:8)
  A water moccasin skeleton (D:8)
  4 killer bees (D:9)
  A scorpion (D:8)
  An electric eel (D:8)
  5 wights (D:3)
  Dowan (D:7)
  3 goliath beetles
  6 crimson imps
  6 hounds
  23 orc priests
  3 centaur skeletons
  4 jellies
  4 iguanas
  26 orc wizards
  Natasha (thrice) (D:5)
  10 worker ants
  Ijyb (D:6)
  A mummy (Ossuary)
  2 worker ant zombies
  13 river rats
  16 adders
  A giant mite (D:11)
  2 white imps (D:8)
  3 worms (D:2)
  5 shadow imps
  An ufetubus (D:5)
  2 worker ant simulacra (D:8)
  An adder skeleton (D:4)
  3 oozes
  154 orcs
  2 ball pythons
  A bat skeleton (D:5)
  3 bat zombies
  3 giant cockroaches
  5 gnoll zombies (Ossuary)
  14 goblins
  27 hobgoblins
  8 jackals
  5 quokkas
  16 bats
  4 giant geckos
  2 giant gecko skeletons
  2 giant newts (D:1)
  A giant spore (D:8)
  5 gnoll skeletons (Ossuary)
  4 goblin skeletons (Ossuary)
  A goblin zombie (D:7)
  A hobgoblin skeleton (Ossuary)
  A hobgoblin zombie (Ossuary)
  18 kobolds
  5 kobold skeletons
  4 kobold zombies (Ossuary)
  5 orc skeletons (Ossuary)
  7 orc zombies
  A quokka zombie (D:7)
  38 rats
  7 rat zombies
  A river rat zombie (D:9)
  A spectral orc (D:7)
  6 ballistomycetes
640 creatures vanquished.

Vanquished Creatures (others)
  A scorpion (D:5)
  A hound (D:5)
  2 mummies (Ossuary)
  2 orcs (D:8)
  A giant newt (D:5)
  3 giant spores
  2 gnoll skeletons (Ossuary)
  3 goblins (D:5)
  A goblin skeleton (Ossuary)
  2 goblin zombies (Ossuary)
  A hobgoblin skeleton (Ossuary)
  A hobgoblin zombie (Ossuary)
  2 kobold zombies (Ossuary)
  An orc skeleton (Ossuary)
  A rat (D:2)
  A rat skeleton (Ossuary)
  A rat zombie (Ossuary)
  A fungus (Orc:4)
27 creatures vanquished.

Grand Total: 667 creatures vanquished

Notes
Turn   | Place    | Note
--------------------------------------------------------------
     0 | D:1      | Jb9000, the Gargoyle Fighter, began the quest for the Orb.
     0 | D:1      | Reached XP level 1. HP: 14/14 MP: 1/1
   119 | D:1      | Reached XP level 2. HP: 19/19 MP: 2/2
   244 | D:1      | Gained mutation: You are covered in fur (AC +1). [potion of beneficial mutation]
   690 | D:1      | Reached XP level 3. HP: 23/23 MP: 3/3
  1155 | D:2      | Reached skill level 4 in Shields
  1276 | D:2      | Reached XP level 4. HP: 26/29 MP: 4/4
  1305 | D:2      | Found a blossoming altar of Fedhas.
  1311 | D:2      | Reached skill level 1 in Stealth
  1475 | D:2      | Reached skill level 1 in Dodging
  1569 | D:2      | Found a white marble altar of Elyvilon.
  1746 | D:2      | Became a worshipper of Elyvilon the Healer
  1806 | D:3      | Reached XP level 5. HP: 19/33 MP: 5/5
  2142 | D:3      | Found a shattered altar of Ashenzari.
  2242 | D:3      | Reached XP level 6. HP: 35/38 MP: 6/6
  2927 | D:3      | Found a snail-covered altar of Cheibriados.
  2982 | D:4      | Found Quzoryank's Weapon Shoppe.
  3089 | D:4      | Noticed Edmund
  3117 | D:4      | Killed Edmund
  3117 | D:4      | Reached XP level 7. HP: 34/44 MP: 7/7
  3333 | D:4      | Acquired Elyvilon's first power
  3441 | D:4      | Reached skill level 1 in Throwing
  3596 | D:5      | Entered Level 5 of the Dungeon
  3678 | D:5      | Found Acvuu's Distillery.
  3686 | D:5      | Bought a potion of mutation for 35 gold pieces
  3686 | D:5      | Bought a potion of curing for 42 gold pieces
  3687 | D:5      | Found a shadowy altar of Dithmenos.
  3803 | D:5      | Reached skill level 1 in Maces & Flails
  3874 | D:5      | Reached skill level 5 in Stealth
  3874 | D:5      | Reached skill level 5 in Shields
  3874 | D:5      | Reached XP level 8. HP: 44/48 MP: 8/8
  3919 | D:5      | Found Sekhleikk's Magic Scroll Shoppe.
  3922 | D:5      | Bought a scroll of remove curse for 30 gold pieces
  3922 | D:5      | Bought a scroll of enchant armour for 75 gold pieces
  3945 | D:5      | Found Pillep's Food Boutique.
  3963 | D:5      | Found a shimmering altar of Xom.
  4011 | D:5      | Found Odukekh's Gadget Shop.
  4246 | D:5      | Found a staircase to the Ecumenical Temple.
  4246 | D:5      | Found Utew's Antique Weapon Boutique.
  4253 | D:5      | Noticed Natasha
  4504 | D:5      | Noticed Eustachio
  4511 | D:5      | Killed Natasha
  4547 | D:5      | Noticed Natasha
  4557 | D:5      | Killed Natasha
  4560 | D:5      | Killed Eustachio
  4560 | D:5      | Reached skill level 5 in Armour
  4560 | D:5      | Reached skill level 6 in Stealth
  4904 | D:5      | Noticed Natasha
  4911 | D:5      | Killed Natasha
  5137 | D:5      | Reached skill level 5 in Fighting
  5567 | D:6      | Noticed Ijyb
  5575 | D:6      | Killed Ijyb
  5638 | D:6      | Noticed Grinder
  5654 | D:6      | Paralysed by Grinder for 4 turns
  5668 | D:6      | Killed Grinder
  5668 | D:6      | Reached skill level 1 in Evocations
  5668 | D:6      | Reached XP level 9. HP: 48/54 MP: 8/10
  5699 | D:6      | Found a sacrificial altar of Ru.
  5783 | D:6      | Acquired Elyvilon's second power
  6288 | D:5      | Bought a scroll of enchant armour for 75 gold pieces
  6410 | D:6      | Reached skill level 7 in Stealth
  6601 | D:7      | Found a sparkling altar of Nemelex Xobeh.
  6627 | D:7      | Found a sand-covered staircase.
  6641 | Ossuary  | Entered an ossuary
  6985 | Ossuary  | Noticed Menkaure
  6988 | Ossuary  | Killed Menkaure
  7150 | D:7      | Noticed Duvessa
  7152 | D:7      | Noticed Dowan
  7159 | D:7      | Killed Duvessa
  7164 | D:7      | Killed Dowan
  7767 | D:7      | Reached skill level 5 in Maces & Flails
  7873 | D:7      | Found a burning altar of Makhleb.
  7877 | D:7      | Reached XP level 10. HP: 60/60 MP: 14/14
  7947 | D:5      | Bought a scroll of remove curse for 30 gold pieces
  7947 | D:5      | Bought a scroll of enchant armour for 75 gold pieces
  8054 | D:7      | Found a basalt altar of Yredelemnul.
  8442 | D:8      | Acquired Elyvilon's third power
  8534 | D:8      | Found a glowing silver altar of Zin.
  8648 | D:8      | Reached skill level 8 in Stealth
  8948 | D:8      | Found a radiant altar of Vehumet.
  9413 | D:8      | Found a bloodstained altar of Trog.
  9537 | D:8      | Found a staircase to the Lair.
  9571 | D:8      | Found an opulent altar of Gozag.
 10262 | D:9      | Found Gaadacva's Antique Weapon Emporium.
 10269 | D:9      | Reached skill level 1 in Crossbows
 10271 | D:9      | Acquired Elyvilon's fourth power
 10599 | D:9      | Reached skill level 9 in Stealth
 10963 | D:9      | Reached XP level 11. HP: 66/66 MP: 17/17
 11036 | D:9      | Gained mutation: You are agile. (Dex +2) [mutagenic meat]
 11037 | D:9      | Lost mutation: You are agile. (Dex +2) [mutagenic meat]
 11038 | D:9      | Gained mutation: You are somewhat resistant to further mutation. [mutagenic meat]
 11467 | D:10     | Entered Level 10 of the Dungeon
 11485 | D:10     | Noticed Maurice
 11618 | D:10     | Killed Maurice
 11640 | D:10     | Identified a scroll of acquirement
 11641 | D:10     | Got a pair of steaming boots
 11652 | D:10     | Identified the +1 pair of boots "Streudukk" {rN++ Int-2} (You acquired it on level 10 of the Dungeon)
 12083 | D:10     | Noticed a hill giant
 12096 | D:10     | Killed a hill giant
 12480 | D:11     | Acquired Elyvilon's fifth power
 12761 | D:11     | Noticed a four-headed hydra
 12771 | D:11     | Killed a four-headed hydra
 12797 | D:11     | Reached skill level 10 in Stealth
 13080 | D:11     | Learned a level 1 spell: Apportation
 13080 | D:11     | Lost mutation: You are somewhat resistant to further mutation. [potion of cure mutation]
 13080 | D:11     | Lost mutation: You are covered in fur (AC +1). [potion of cure mutation]
 13235 | D:11     | Noticed a four-headed hydra
 13245 | D:11     | Killed a four-headed hydra
 13529 | D:11     | Reached skill level 5 in Dodging
 13908 | D:12     | Reached XP level 12. HP: 68/72 MP: 20/20
 13996 | D:12     | Noticed a hill giant
 14001 | D:12     | Noticed Grum
 14018 | D:12     | Killed a hill giant
 14018 | D:12     | Reached skill level 5 in Evocations
 14055 | D:12     | Killed Grum
 14227 | D:12     | Found a staircase to the Orcish Mines.
 14795 | D:9      | Bought a crystal trident for 238 gold pieces
 14797 | D:9      | Identified the +5 trident "Ticuy" {pierce, rN+ Str-2 Dex+4} (You bought it in a shop on level 9 of the Dungeon)
 15042 | Orc:1    | Entered Level 1 of the Orcish Mines
 15063 | Orc:1    | Reached skill level 11 in Stealth
 15277 | Orc:2    | Noticed Nergalle
 15286 | Orc:2    | Killed Nergalle
 15429 | Orc:2    | Found Kehofask's Assorted Antiques.
 15438 | Orc:2    | Found Skutruwn's Food Emporium.
 15465 | Orc:2    | Bought a scroll of enchant armour for 165 gold pieces
 15666 | Orc:2    | Found Weutaul's Jewellery Boutique.
 15871 | Orc:2    | Bought a scroll of enchant weapon for 165 gold pieces
 16003 | Orc:3    | Found Ceuvah's Food Shop.
 16748 | Orc:4    | Entered Level 4 of the Orcish Mines
 16806 | Orc:4    | Noticed Snorg
 16842 | Orc:4    | Killed Snorg
 17886 | Orc:4    | Found Obbir's Distillery.
 17940 | Orc:4    | Found Koxeatek's Food Emporium.
 18515 | Orc:4    | Noticed an orc high priest
 18526 | Orc:4    | Killed an orc high priest
 18528 | Orc:4    | Noticed an orc high priest
 18755 | Orc:4    | Found a staircase to the Elven Halls.
 18815 | Orc:4    | Noticed an ogre mage
 18835 | Orc:4    | Killed an ogre mage
 18835 | Orc:4    | Reached XP level 13. HP: 77/79 MP: 22/22
 18851 | Orc:4    | Noticed Fannar
 19077 | Orc:4    | Killed Fannar
 19317 | Orc:4    | Killed an orc high priest
 19332 | Orc:4    | Reached skill level 12 in Stealth
 19478 | Orc:4    | Paralysed by an orc sorcerer for 3 turns
 19485 | Orc:4    | Noticed an orc high priest
 19532 | Orc:4    | Killed an orc high priest
 19536 | Orc:4    | Paralysed by an orc sorcerer for 5 turns
 19762 | Orc:4    | Noticed an orc high priest
 19782 | Orc:4    | Paralysed by an orc sorcerer for 3 turns
 20155 | Orc:4    | Paralysed by an orc sorcerer for 5 turns
 20160 | Orc:4    | Annihilated by an ice devil

Action                   |  1- 3 |  4- 6 |  7- 9 | 10-12 | 13-15 || total
-------------------------+-------+-------+-------+-------+-------++-------
Melee: Long sword        |   168 |   205 |    26 |       |       ||   399
       Flail             |       |       |   398 |  1172 |   250 ||  1820
       Mace              |       |       |       |    10 |       ||    10
 Fire: Hand crossbow     |       |       |       |   242 |       ||   242
       Blowgun           |       |       |       |   192 |    41 ||   233
       Triple crossbow   |       |       |       |     2 |       ||     2
Throw: Tomahawk          |       |     6 |    96 |    53 |     1 ||   156
       Javelin           |       |       |    47 |    10 |       ||    57
       Throwing net      |       |       |       |     4 |       ||     4
Invok: Greater Healing   |       |       |       |     3 |     4 ||     7
Evoke: Wand              |       |     2 |     4 |     3 |     1 ||    10
       Deck              |       |       |       |       |     1 ||     1
  Use: Scroll            |     3 |     4 |    21 |    13 |     1 ||    42
       Potion            |     2 |     1 |    13 |    12 |     5 ||    33
 Stab: Sleeping          |       |       |     1 |     9 |     2 ||    12
       Distracted        |       |       |     1 |     5 |       ||     6
       Held in net/web   |       |       |       |     1 |       ||     1
  Eat: Chunk             |     2 |     3 |     5 |    11 |       ||    21
       Bread ration      |       |     1 |     1 |     2 |     1 ||     5
       Pizza             |       |     1 |       |     2 |       ||     3
       Beef jerky        |       |       |     2 |     1 |       ||     3
       Royal jelly       |       |       |     1 |     7 |     2 ||    10
       Fruit             |       |       |       |     9 |       ||     9
